[Event "*** Titled Tuesday Blitz"]
[Site "Chess.com"]
[Date "2021.03.16"]
[Round "2"]
[White "KazakhFighter04"]
[Black "adriangschnitzer"]
[Result "1-0"]
[WhiteElo "2755"]
[BlackElo "2495"]
[TimeControl "180+1"]
[EndTime "10:18:40 PDT"]
[Termination "KazakhFighter04 won by checkmate"]

1. e4 c5 2. Nf3 Nc6 3. d4 cxd4 4. Nxd4 g6 5. c4 Bg7 6. Be3 Nf6 7. Nc3 Ng4 8. Qxg4 Nxd4 9. Qd1 Ne6 10. Rc1 Qa5 11. Qd2 b6 12. b3 Bb7 13. f3 g5 14. h4 g4 15. Nd5 Qxd2+ 16. Kxd2 gxf3 17. gxf3 Bxd5 18. cxd5 Nd4 19. Rh3 e5 20. f4 d6 21.
fxe5 dxe5 22. Bxd4 exd4 23. Bb5+ Kd8 24. Kd3 Rc8 25.
Rxc8+ Kxc8 26. Rf3 Rf8 27. Rf5 f6 28. Kxd4 Kc7 29. d6+ Kxd6 30. Rd5+ Ke6 31. Rd7 Rf7 32. Rd8 f5+ 33. Ke3 Bh6+ 34. Ke2 fxe4 35. Bc4+ Ke7 36. Ra8 Rg7 37. Rxa7+ Kf6 38. Ra6 Rg2+ 39. Kf1 Rb2 40. Rxb6+ Kg7 41. a4 Be3 42. Re6 Rf2+ 43. Ke1 Rf4 44.
h5 Bd4 45. a5 e3 46. a6 Rh4 47. a7 Bxa7 48. Re7+ Kf6 49. Rxa7 Rxh5 50. Ke2 Rh3 51.
b4 Ke5 52. b5 Kd6 53. Ra6+ Kc5 54. Rc6+ Kd4 55. b6 Rh2+ 56. Kf3 Rf2+ 57. Kg3 Rb2 58. Ba6 e2 59. Kf2 e1=Q+ 60. Kxe1 h5 61. b7 Ke3 62. Re6+ Kf3 63. Re8 Rb1+ 64. Kd2 h4 65. b8=Q Rxb8 66. Rxb8 h3 67. Rh8 Kg3 68. Bb7 Kh2 69. Ke2 Kg1 70. Kf3 Kh2 71. Bc8 Kg1 72.
Rxh3 Kf1 73. Rh1# 1-0

[Event "*** Titled Tuesday Blitz"]
[Site "Chess.com"]
[Date "2021.03.16"]
[Round "2"]
[White "Cptn2"]
[Black "Vincent_Vega95"]
[Result "0-1"]
[WhiteElo "2492"]
[BlackElo "2750"]
[TimeControl "180+1"]
[EndTime "10:18:40 PDT"]
[Termination "Vincent_Vega95 won by resignation"]

1. e4 g6 2. d4 Bg7 3. Nf3 d6 4. Bc4 e6 5. O-O Ne7 6. e5 dxe5 7. dxe5 Qxd1 8. Rxd1 h6 9. h4 Nbc6 10. Bf4 g5 11. hxg5 hxg5 12. Bxg5 Nxe5 13. Nxe5 Bxe5 14. Nc3 Rg8 15. Ne4 Bd7 16. Bf6 Bc6 17. Bb5 Rg4 18. Bxc6+ Nxc6 19. Bxe5 Rxe4 20. Bxc7 Rc8 21. Bd6 Re2 22.
c4 Rxb2 23. c5 Na5 24. Rdb1 Rxb1+ 25. Rxb1 Rc6 26. Rb4 b6 27. cxb6 axb6 28. Bf4 Nc4 29. g3 e5 30. Bg5 Kd7 31. Kg2 Ke6 32. Kf3 Kd5 33. Kg4 Nd6 34. Be3 b5 35. Kg5 Rc4 36. Rb1 f5 37. Kf6 f4 38. Rd1+ Kc6 39. Ba7 fxg3 40.
fxg3 Ne4+ 41. Kxe5 Nxg3 42. Bd4 Ne2 43. Bb2 b4 44. Rd6+ Kb5 45. Rd8 Nc3 46. Rb8+ Ka4 47.
Ra8+ Kb5 48. a3 Na4 49. axb4 Nxb2 50. Rb8+ Ka4 51. b5 Rb4 52. b6 Nc4+ 53. Kf5 Nxb6 54.
Re8 Kb5 55. Re5+ Kc6 56. Re6+ Kc5 57. Re5+ Nd5 58. Ke6 Rd4 59. Kf5 Rd1 60. Ke6 Kc6 61. Re2 Nf4+ 62. Kf5 Nxe2 0-1

[Event "*** Titled Tuesday Blitz"]
[Site "Chess.com"]
[Date "2021.03.16"]
[Round "2"]
[White "Kurkusha"]
[Black "olksuna"]
[Result "0-1"]
[WhiteElo "2366"]
[BlackElo "2676"]
[TimeControl "180+1"]
[EndTime "10:18:42 PDT"]
[Termination "olksuna won by resignation"]

1. Nf3 Nf6 2. c4 c5 3. Nc3 e6 4. e3 d5 5. cxd5 Nxd5 6. Nxd5 Qxd5 7. b3 Be7 8. Bb2 O-O 9. Bc4 Qh5 10. O-O Rd8 11. Ne5 Qf5 12. Qe2 Nd7 13. Bd3 Qg5 14. f4 Qh6 15. Ng4 Qh5 16. f5 Bg5 17. Bb5 Kh8 18.
Bxd7 Bxd7 19. f6 g6 20. h3 Bc6 21. Rad1 Kg8 22. d4 cxd4 23. Bxd4 Rd7 24. Be5 Rad8 25. Rxd7 Rxd7 26. Rd1 Rd5 27. Rxd5 exd5 28. Qd3 Bh4 29.
e4 Qg5 30. exd5 Qc1+ 31. Kh2 Bd7 32. d6 h5 33. Ne3 Qc6 34. Qd5 Bf2 35. Qxc6 bxc6 36.
Nc4 Kf8 37. Na5 Ke8 38. b4 Be1 39. a3 c5 40. Nb7 cxb4 41. axb4 Bxb4 42. Bd4 a5 43.
Nc5 Bc6 44. Nb3 a4 45. Nd2 a3 46. Ba1 a2 47. Nb3 Bxd6+ 48. Kg1 Bd5 49. Nd4 Bc5 50. Kf1 Kd7 51. Ke1 Bxg2 52. h4 Bd5 53. Kd2 Bd6 54. Kd3 Be5 55. Ke3 Bxf6 56. Kf4 Bxh4 57. Nc2 Be7 58. Ne3 Be6 59. Kg3 g5 60.
Nc2 h4+ 61. Kg2 g4 62. Nd4 h3+ 63. Kg3 Bd6+ 64. Kf2 h2 65. Kg2 Bd5+ 0-1

[Event "*** Titled Tuesday Blitz"]
[Site "Chess.com"]
[Date "2021.03.16"]
[Round "2"]
[White "ckgchess"]
[Black "Aslanov_Umid"]
[Result "1-0"]
[WhiteElo "2761"]
[BlackElo "2390"]
[TimeControl "180+1"]
[EndTime "10:18:47 PDT"]
[Termination "ckgchess won by resignation"]

1. e4 c5 2. c3 Nf6 3. e5 Nd5 4. d4 cxd4 5. cxd4 d6 6. Nf3 Nc6 7. a3 Nb6 8. Bd3 Bg4 9. O-O e6 10. h3 Bh5 11. Nc3 dxe5 12. dxe5 Be7 13. Be4 O-O 14. Qc2 Bg6 15. Rd1 Qc8 16. Be3 Nc4 17. Bf4 a6 18. Bxg6 hxg6 19. Ne4 Nb6 20. Rac1 Nd5 21.
Bg3 Qc7 22. Nd6 Bxd6 23. exd6 Qd7 24. Qe4 Rac8 25. Qh4 Nf6 26. Ng5 e5 27. Rc3 Qf5 28.
Rf3 Qc2 29. Re1 Nh5 30. Bh2 Nd4 31. Rfe3 Nf5 32. Qb4 Nxe3 33. fxe3 Rc4 34. Qa5 b6 35. Qd5 Rc5 36. Qe4 Qd2 37. Nf3 Qxd6 38. Bxe5 Qe6 39. Qd4 Rc4 40. Qd6 Qxd6 41. Bxd6 Rd8 42. Bb4 a5 43. Bc3 Nf6 44. Ne5 Re4 45. Kf1 Nd5 46. Bd4 f6 47. Nc6 Rd6 48. Na7 Nf4 49. Nb5 Rd5 50. Nc3 Nd3 51. Nxd5 Nxe1 52. Kxe1 Kf7 53. Nxb6 Ke6 54. Nc4 Kd5 55. Nxa5 Re5 56. Bxe5 Kxe5 57. Nb3 Kd5 58. Nd2 f5 59. a4 g5 60. Kf2 f4 61. exf4 gxf4 62. Kf3 g5 63. Kg4 Kd4 64. Nf3+ Ke3 65. Kxg5 Kd3 66. Kxf4 1-0

[Event "*** Titled Tuesday Blitz"]
[Site "Chess.com"]
[Date "2021.03.16"]
[Round "2"]
[White "crazy_but_lazy"]
[Black "GMJustin"]
[Result "0-1"]
[WhiteElo "2482"]
[BlackElo "2299"]
[TimeControl "180+1"]
[EndTime "10:18:48 PDT"]
[Termination "GMJustin won by checkmate"]

1. e4 e5 2. Nf3 Nc6 3. Bb5 a6 4. Ba4 Nf6 5. d3 d6 6. O-O g6 7.
c3 Bg7 8. Nbd2 O-O 9. Re1 Nd7 10. Nf1 Nc5 11. Bc2 Ne6 12. Bb3 Qf6 13. Ng3 Nf4 14.
d4 Bg4 15. Bxf4 Qxf4 16. h3 Bxf3 17. Qxf3 Qxf3 18. gxf3 exd4 19. Rac1 dxc3 20. bxc3 Bh6 21. Rcd1 Ne5 22. Kg2 Kh8 23. Bd5 c6 24. Bb3 Rad8 25.
Ne2 f5 26. f4 Nd7 27. Rxd6 Nc5 28. Rxd8 Rxd8 29. e5 Kg7 30. Rd1 Rxd1 31. Bxd1 Nd3 32.
Kf3 Kf8 33. Bc2 Ne1+ 34. Ke3 Nxc2+ 35. Kd3 Na3 36. c4 b5 37. cxb5 cxb5 38. Kd4 Ke7 39. Kc5 Nc4 40. a4 Bf8 41. axb5 axb5 42. Kxb5 Nd2 43.
Kc5 Ne4+ 44. Kd4 Nxf2 45. Kd5 Nxh3 46. Kd4 Bh6 47. Ke3 Nxf4 48. Nc1 Ke6 49. Kf3 Kxe5 50. Nb3 Bg5 51. Nc5 h5 52. Nd7+ Kd6 53. Nf8 Bh6 54. Nh7 h4 55. Nf6 Ke6 56. Ne8 h3 57. Kg3 Bg5 58. Nc7+ Ke5 59. Nb5 Ke4 60. Nc3+ Kd3 61. Nb5 Bh4+ 62. Kh2 g5 63. Nd6 g4 64. Nxf5 Bf2 65.
Ng3 Bxg3+ 66. Kh1 Bh4 67. Kh2 g3+ 68. Kh1 g2+ 69. Kh2 Ne2 70. Kxh3 g1=Q 71. Kxh4 Qg6 72. Kh3 Qg3# 0-1

[Event "*** Titled Tuesday Blitz"]
[Site "Chess.com"]
[Date "2021.03.16"]
[Round "2"]
[White "ErikRonka"]
[Black "juli2512"]
[Result "1-0"]
[WhiteElo "2434"]
[BlackElo "2166"]
[TimeControl "180+1"]
[EndTime "10:18:51 PDT"]
[Termination "ErikRonka won by resignation"]

1. d4 f5 2. g3 Nf6 3. Bg2 g6 4. c3 Bg7 5. Qb3 Nc6 6. Nh3 e6 7.
Nf4 Qe7 8. h4 d6 9. d5 exd5 10.
Nxd5 Nxd5 11. Bxd5 Nd8 12. Nd2 c6 13. Bg2 Be6 14. Qc2 O-O 15. Nf3 Nf7 16. Nd4 Bd7 17. h5 g5 18. Nxf5 Bxf5 19. Qxf5 Rae8 20. Be3 h6 21.
O-O-O Ne5 22. Qe4 Qf7 23. Kb1 d5 24. Qc2 Ng4 25. Bc5 Be5 26. Bxf8 Rxf8 27. Rhf1 Nh2 28. Rh1 Ng4 29. Rdf1 Nxf2 30. e4 Bxg3 31. exd5 cxd5 32. c4 Qg7 33. cxd5 Kh8 34. d6 Rd8 35.
Rxf2 Bxf2 36. Qxf2 Rxd6 37. Rf1 Rd8 38. Qf6 Kg8 39. Qxg7+ Kxg7 40. Kc2 Rd7 41. Rd1 Rc7+ 42. Kb3 b6 43. Rd6 Re7 44. Rg6+ Kh7 45. Bd5 Re5 46.
Bg8+ Kh8 47. Bc4 Kh7 48. Bd3 Rc5 49. Rc6+ Kg7 50. Rxc5 bxc5 51. Kc4 Kf6 52. Kxc5 Ke5 53. b4 Kf4 54. a4 Ke3 55. Bc4 g4 56. Bd5 g3 57. b5 Kf4 58. a5 Ke5 59. b6 axb6+ 60.
axb6 Kf6 61. b7 Kg5 62. b8=Q Kxh5 63. Qe5+ Kh4 64. Qf4+ Kh3 65. Qxh6+ Kg4 66. Qe6+ Kf4 67. Kd4 g2 68. Qe4+ 1-0

[Event "*** Titled Tuesday Blitz"]
[Site "Chess.com"]
[Date "2021.03.16"]
[Round "2"]
[White "KyrgyzFighter"]
[Black "gurelediz"]
[Result "0-1"]
[WhiteElo "2385"]
[BlackElo "2665"]
[TimeControl "180+1"]
[EndTime "10:18:53 PDT"]
[Termination "gurelediz won by checkmate"]

1. c4 Nf6 2. Nc3 g6 3. e4 Bg7 4.
d4 d6 5. f3 O-O 6. Be3 e5 7.
d5 c6 8. Qd2 Nh5 9. Bd3 f5 10.
Nge2 fxe4 11. Bxe4 Bf5 12. dxc6 bxc6 13. O-O Bxe4 14.
Nxe4 d5 15. cxd5 cxd5 16. Nc5 Qd6 17. Rfd1 d4 18. Ne4 Qe7 19. Bg5 Qe6 20. b3 Nd7 21. Rac1 Rac8 22. Qa5 h6 23. Bd2 Nhf6 24. N2g3 Nd5 25.
Nc5 Nxc5 26. Rxc5 Rxc5 27. Qxc5 g5 28. Re1 Rc8 29. Qxa7 Rc2 30. Ne4 Nf6 31. Nxf6+ Bxf6 32. Bb4 g4 33. Qa8+ Kg7 34. Qb7+ Kh8 35. Qe4 Rxa2 36. Qg6 gxf3 37. Qxh6+ Kg8 38. Qg6+ Kh8 39. Qh5+ Kg7 40. Qxf3 Rb2 41. Rc1 Rxb3 42. Rc7+ Kg6 43. Qe4+ Qf5 44. Qxf5+ Kxf5 45. Bd2 Rb2 46. Be1 Bg5 47. Kf1 d3 48. Rf7+ Ke6 49. Rg7 d2 50. Bxd2 Bxd2 51. Rg6+ Kf5 52.
Rg3 Bf4 53. Rf3 Kg4 54. h3+ Kh4 55. Rc3 Bg3 56. Rc4+ Bf4 57. Rc3 Kg5 58. Rf3 e4 59. Rc3 e3 60. g3 Rb1+ 61. Ke2 Rb2+ 62. Kf3 Rf2+ 63. Ke4 e2 64. gxf4+ Rxf4+ 65. Kd3 e1=Q 66. Rc5+ Rf5 67. Re5 Qxe5 68. Kd2 Qg3 69. Ke2 Rf2+ 70. Ke1 Qg1# 0-1

[Event "*** Titled Tuesday Blitz"]
[Site "Chess.com"]
[Date "2021.03.16"]
[Round "2"]
[White "Babas"]
[Black "NishaOnYoutube"]
[Result "1-0"]
[WhiteElo "2422"]
[BlackElo "2079"]
[TimeControl "180+1"]
[EndTime "10:18:57 PDT"]
[Termination "Babas won on time"]

1. d4 d5 2. Nf3 Nf6 3. c4 e6 4.
Nc3 Be7 5. Bg5 O-O 6. cxd5 exd5 7. e3 c6 8. Bd3 Ne4 9. Bxe7 Qxe7 10. Qc2 f5 11.
Ne5 Nd7 12. Nxd7 Bxd7 13. O-O Rae8 14. Rae1 Qg5 15. f4 Qg6 16. Bxe4 fxe4 17. b4 a6 18.
a4 Ra8 19. Kh1 Kh8 20. Rf2 Qd6 21. Qb2 Rf6 22. Rg1 Rh6 23. g4 Rh3 24. Nd1 Rf8 25. Rfg2 Qg6 26. Qe2 Rf3 27. f5 Qg5 28. Rg3 Rxg3 29.
Rxg3 Rf6 30. Nf2 Rf8 31. Nh3 Qe7 32. Qe1 Qd6 33. Nf4 Re8 34. Qc3 Kg8 35. Qc5 Qc7 36. a5 Qd8 37. Qd6 Bc8 38. Qxd8 Rxd8 39. Kg2 Kf7 40. Kf2 h6 41. Ne2 Kf6 42. Nc1 Re8 43. Nb3 h5 44. h3 hxg4 45. hxg4 Rh8 46. Kg2 Rh4 47. Nc5 Rh8 48. Rh3 Rxh3 49. Kxh3 Kg5 50. Kg3 g6 51. fxg6 Kxg6 52. Kf4 Kf6 53. Nb3 Kg6 54. Nd2 Kf6 55. Nf1 Bd7 56. Ng3 Bc8 57.
Nh5+ Kg6 58. Ng3 Kf6 59. Nh1 Kg6 60. Nf2 Kf6 61. Nd1 Kg6 62. Nc3 Kf6 63. Na4 Bd7 64. Nb6 Be6 65. Na4 Kg6 66. Nc5 1-0

[Event "*** Titled Tuesday Blitz"]
[Site "Chess.com"]
[Date "2021.03.16"]
[Round "2"]
[White "rpragchess"]
[Black "NicoChasin"]
[Result "1-0"]
[WhiteElo "2916"]
[BlackElo "2604"]
[TimeControl "180+1"]
[EndTime "10:18:58 PDT"]
[Termination "rpragchess won by resignation"]

1. c4 e5 2. Nc3 Nf6 3. Nf3 Nc6 4. e3 d5 5. cxd5 Nxd5 6. Bb5 Nxc3 7. bxc3 Bd6 8. d4 O-O 9. h3 Bd7 10. Bd3 f5 11.
O-O e4 12. Bc4+ Kh8 13. Nd2 Na5 14. a4 Nxc4 15. Nxc4 Be6 16. Qe2 c5 17. Rd1 Qc7 18.
Nxd6 Qxd6 19. Ba3 Qc6 20. c4 cxd4 21. Bxf8 d3 22. Bxg7+ Kxg7 23. Qb2+ Kf7 24. Qe5 Rc8 25. Rab1 b6 26. a5 bxa5 27. Qxa5 Rc7 28. Rdc1 Rd7 29.
Qd2 Rc7 30. c5 Qd5 31. Rb5 a6 32. Ra5 Rc6 33. Qc3 Qb3 34. Qd4 Kg6 35. Raa1 Qd5 36.
Qxd5 Bxd5 37. Rab1 Kf6 38. Kf1 a5 39. Ra1 Bb3 40. Ke1 a4 41. Kd2 Ke5 42. g3 h5 43.
Rc3 Kd5 44. f3 Rg6 45. Rg1 Kc6 46. Rcc1 Rg5 47. fxe4 fxe4 48. g4 hxg4 49. hxg4 Be6 50. Rc3 Bb3 51. Rg2 Rg7 52. g5 Rg6 53. Rc1 a3 54. Rc3 a2 55. Rc1 Kb5 56. Rgg1 Kb4 57. c6 Bc2 58. c7 Rc6 59. g6 Rxc7 60. g7 Rxg7 61. Rxg7 Bb1 62. Ra7 Kb3 63. Rcc7 Kb2 64. Rcb7+ Ka1 65. Rb4 Bc2 66. Rxe4 Kb1 67. Rb4+ Ka1 68.
e4 Bb3 69. e5 Kb2 70. e6 Ka1 71. e7 Kb2 72. Rxa2+ Kxa2 73. e8=Q Ka3 74. Rxb3+ 1-0

[Event "*** Titled Tuesday Blitz"]
[Site "Chess.com"]
[Date "2021.03.16"]
[Round "2"]
[White "mbojan"]
[Black "Oleksandr_Bortnyk"]
[Result "1-0"]
[WhiteElo "2624"]
[BlackElo "2924"]
[TimeControl "180+1"]
[EndTime "10:19:02 PDT"]
[Termination "mbojan won by resignation"]

1. Nf3 e6 2. g3 g5 3. d3 g4 4.
Nfd2 h5 5. h4 d5 6. Bg2 Bg7 7.
c4 Ne7 8. Nc3 b6 9. cxd5 exd5 10.
d4 c6 11. Nb3 Nd7 12. O-O Ba6 13. Re1 O-O 14. Bg5 f6 15. Bd2 f5 16. Bg5 Nf6 17. Bxf6 Bxf6 18. e3 Nc8 19. Ne2 Nd6 20. Nf4 Qe8 21. Nc1 Rc8 22. Ncd3 Qf7 23. Rc1 Kh7 24. Ne5 Qe8 25. Qa4 Bb7 26. Qxa7 b5 27. b3 Kh6 28. Qc5 Bxe5 29. dxe5 Qxe5 30. a4 bxa4 31.
bxa4 Ra8 32. Rb1 Rf7 33. Rxb7 Rxb7 34. Qxc6 Rc8 35. Qa6 Rcb8 36. Nd3 Qf6 37. Bxd5 Rb6 38. Qa5 Rb1 39. Rxb1 Rxb1+ 40. Kh2 Rd1 41. Nf4 Qb2 42. Kg2 Qb8 43. Kh2 Ra1 44. Bg2 Qb1 45. Ne2 Qe1 46.
Qe5 Qxe2 47. Qf6+ Kh7 48. Qxa1 Qxf2 49. Qf6 Ne4 50. Qf7+ Kh6 51. Qe6+ Kg7 52. Qe7+ Kg6 53. Qe6+ Nf6 54. a5 Qb2 55. a6 Qa3 56. e4 f4 57.
Qf5+ Kf7 58. Qxf4 Kg7 59. Qg5+ Kf7 60. e5 Nd7 61. Qf5+ Ke7 62. Qxh5 Ke6 63. Qxg4+ Ke7 64. Qg7+ Kd8 65. Qg8+ Ke7 66. Qg7+ Kd8 67. e6 Nb6 68. e7+ Qxe7 69. Qxe7+ Kxe7 70. a7 Kf6 71. a8=Q Nxa8 72.
Bxa8 Kf5 73. Bf3 Kg6 74. Kg2 Kh6 75. Kf2 Kg6 76. Ke3 Kg7 77. Kf4 Kg6 78. g4 1-0

[Event "*** Titled Tuesday Blitz"]
[Site "Chess.com"]
[Date "2021.03.16"]
[Round "2"]
[White "ural58"]
[Black "vugarrasulov"]
[Result "0-1"]
[WhiteElo "2553"]
[BlackElo "2843"]
[TimeControl "180+1"]
[EndTime "10:19:07 PDT"]
[Termination "vugarrasulov won on time"]

1. e4 c5 2. b3 a6 3. Bb2 Nc6 4. Nf3 d6 5. d4 cxd4 6. Nxd4 Nf6 7. Nxc6 bxc6 8. e5 Nd5 9. c4 Nf4 10. Qf3 Ne6 11. Qxc6+ Bd7 12. Qe4 Rc8 13. Nc3 Bc6 14.
Qe3 dxe5 15. Qxe5 Qd4 16. Nd5 Qxe5+ 17. Bxe5 f6 18. Bb2 Nc5 19. O-O-O e6 20. Nc3 Be7 21. f3 Kf7 22. Be2 h5 23. Rd2 h4 24. h3 f5 25. Kb1 Bg5 26. Rdd1 Bf6 27. Rhe1 g5 28. Bf1 Rhg8 29. Ne2 g4 30. Bxf6 Kxf6 31. fxg4 fxg4 32.
Nd4 Bb7 33. b4 Ne4 34. Kb2 gxh3 35. gxh3 Rg3 36. Bd3 Ng5 37. Rf1+ Ke7 38. c5 Rd8 39. Bc4 Rxh3 40. Rfe1 Rh2+ 41. Ka3 Bd5 42. Bxd5 Rxd5 43. Nc6+ Kd7 44. Rxd5+ exd5 45. Nb8+ Kd8 46. Nxa6 h3 47. Re5 Rg2 48. Rxd5+ Ke7 49. Rd1 h2 50. Rh1 Ne4 51.
b5 Ng3 52. Rxh2 Rxh2 53. c6 Kd6 54. Kb3 Nf5 55. a4 Rh4 56. Nb4 Nd4+ 57. Kc3 Ne2+ 58. Kb3 Nd4+ 59. Kc3 Rg4 60. Nd3 Ne6 61. Kb3 Rd4 62.
Nb4 Rg4 63. Na6 Nd4+ 64. Ka3 Rg1 65. Kb4 Rb1+ 66. Ka5 Ra1 67. b6 Kxc6 68. Nb4+ Kb7 69. Nd3 Nc6+ 70. Kb5 Rb1+ 71. Kc5 Rxb6 72. Nf4 Na5 73.
Nd5 Rb1 0-1

[Event "*** Titled Tuesday Blitz"]
[Site "Chess.com"]
[Date "2021.03.16"]
[Round "2"]
[White "Beltraxtor"]
[Black "KuzubovYuriy"]
[Result "1-0"]
[WhiteElo "2583"]
[BlackElo "2849"]
[TimeControl "180+1"]
[EndTime "10:19:09 PDT"]
[Termination "Beltraxtor won by resignation"]

1. d4 Nf6 2. Bf4 d5 3. e3 e6 4. Nd2 c5 5. c3 Nc6 6. Ngf3 Nh5 7. Be5 Be7 8. h3 Nxe5 9. dxe5 g6 10. Bb5+ Bd7 11. Qa4 a6 12. Bxd7+ Qxd7 13. Qxd7+ Kxd7 14. g4 Ng7 15. Ke2 Rhf8 16. Rhd1 f5 17.
c4 Rad8 18. Rac1 Ke8 19. Nb3 b6 20. a4 a5 21. Na1 h5 22. Rg1 fxg4 23. hxg4 d4 24.
Nd2 h4 25. Ne4 dxe3 26. fxe3 g5 27. Nc2 Kd7 28. Na3 Kc6 29. Nb5 Ne8 30. Rcf1 Nc7 31.
Nbd6 Bxd6 32. exd6 Na6 33. Nxg5 Rxf1 34. Rxf1 Rg8 35.
Rd1 Nb8 36. Nf7 Nd7 37. g5 h3 38. Kf2 Rf8 39. g6 Ne5 40. Kg3 Nxf7 41. gxf7 Rxf7 42. Kxh3 Rd7 43. Kg4 Rg7+ 44. Kf4 Kd7 45. Rd2 Rf7+ 46.
Ke5 Rf5+ 47. Ke4 Rh5 48. b3 Rh4+ 49. Ke5 Rh5+ 50. Kf6 Rf5+ 51. Kg6 Rf3 52. e4 e5 53.
Rd5 Rf4 54. Rxe5 Kxd6 55. Rd5+ Ke6 56. e5 Rg4+ 57. Kh5 Rg3 58. Rd6+ Kxe5 59. Rxb6 Kd4 60.
Rb5 Rc3 61. Kg4 Kd3 62. Kf4 Kc2 63. Ke4 Rxb3 64. Kd5 Rb4 65. Rxa5 Kc3 66. Rxc5 Rxa4 67. Rc7 Kb4 68. c5 Ra6 69. Rb7+ Kc3 70. c6 Ra5+ 71.
Kd6 Ra6 72. Kd7 1-0

[Event "*** Titled Tuesday Blitz"]
[Site "Chess.com"]
[Date "2021.03.16"]
[Round "2"]
[White "zajka-molotok"]
[Black "ChessLover0108"]
[Result "0-1"]
[WhiteElo "2518"]
[BlackElo "2782"]
[TimeControl "180+1"]
[EndTime "10:19:10 PDT"]
[Termination "ChessLover0108 won by resignation"]

1. b4 e5 2. Bb2 Bxb4 3. Bxe5 Nf6 4. e3 O-O 5. Nf3 Re8 6. Be2 Nc6 7. Bb2 d5 8. O-O Bg4 9. d3 Bxf3 10. Bxf3 Ne5 11. Be2 Bd6 12. Nd2 c6 13. Rb1 Qc7 14. h3 Rad8 15.
Nf3 h6 16. Nd4 Ned7 17. Nf5 Bh2+ 18. Kh1 Be5 19. d4 Bd6 20. Nxd6 Qxd6 21. c4 Ne4 22. cxd5 cxd5 23. Qd3 Rc8 24. Kg1 Nb6 25. Ba3 Qf6 26.
Bb4 Nc4 27. Bf3 b6 28. Rbc1 Qg6 29. Bxe4 Rxe4 30. Rc2 f5 31. g3 Kh7 32. Kh2 a5 33. Bd2 Ree8 34. Rb1 Kg8 35. Rb5 Qe6 36. Be1 Red8 37.
a4 Qe4 38. Qxe4 fxe4 39. Rc3 Kf7 40. Kg2 Ke6 41. Kf1 Rc6 42. Ke2 Rdc8 43. g4 g6 44. Bd2 Nd6 45. Rxc6 Rxc6 46. Rb2 Nc4 47. Rb5 Rc8 48. Kd1 Rf8 49. Be1 Rf3 50. h4 Rh3 51.
Rb3 Rxh4 52. f3 Rh3 53. fxe4 Rxe3 54. exd5+ Kxd5 55. Rb5+ Ke4 56. d5 Rd3+ 57. Ke2 Rxd5 58. Rb1 Rd3 59. Bf2 Rd2+ 60. Kf1 Rd6 61. Bg3 Nd2+ 62.
Ke2 Nxb1 63. Bxd6 Nc3+ 64. Kf2 Nxa4 65. Bc7 h5 66. gxh5 gxh5 67. Kg3 Kd5 68. Kh4 Kc6 69.
Bd8 Nc5 70. Kxh5 a4 71. Kg4 a3 72. Bf6 Kd5 73. Kf3 Kc4 74. Ke2 Kb3 75. Kd1 a2 76. Kc1 Nd3+ 77. Kd2 Nb2 0-1

[Event "*** Titled Tuesday Blitz"]
[Site "Chess.com"]
[Date "2021.03.16"]
[Round "2"]
[White "Fandorine"]
[Black "WiktoriaPOL"]
[Result "1-0"]
[WhiteElo "2884"]
[BlackElo "2108"]
[TimeControl "180+1"]
[EndTime "10:19:17 PDT"]
[Termination "Fandorine won on time"]

1. c4 Nf6 2. Nc3 g6 3. g3 Bg7 4. Bg2 O-O 5. Nf3 d6 6. O-O e5 7.
d3 Nc6 8. Bg5 h6 9. Bxf6 Bxf6 10. Nd2 Bg7 11. Rb1 a5 12. a3 f5 13. b4 axb4 14.
axb4 e4 15. Nd5 exd3 16. exd3 Ne7 17. b5 Nxd5 18. Bxd5+ Kh7 19. Qf3 Ra7 20. b6 cxb6 21. Qe3 Re8 22. Qxb6 Qxb6 23. Rxb6 Ra6 24. Rfb1 Bd4 25. Rxa6 bxa6 26. Nf3 Ba7 27. Bb7 Kg8 28.
Bxc8 Rxc8 29. Ra1 Rc6 30. Ne1 Bd4 31. Ra2 Bc3 32. Nc2 a5 33. Kf1 Rb6 34. Ra3 Bb4 35. Nxb4 axb4 36. Rb3 Kf7 37. Ke2 Ke6 38. d4 Rb8 39. Kd3 d5 40. Rb2 Kd6 41. h4 Rb7 42. Re2 Rb8 43. c5+ Kd7 44. Kc2 Rb7 45. Kb3 Rb8 46. Re5 Kc6 47. Re6+ Kb5 48. Rxg6 Ra8 49. Rb6+ Ka5 50. Rxb4 Re8 51. Ra4+ Kb5 52. Rb4+ Ka5 53. Rb6 Re2 54. Rc6 Rxf2 55. Rd6 Rf3+ 56. Kc2 Kb5 57. Rxd5 Kc4 58. Rd6 Rf2+ 59. Kd1 Kd3 60. Ke1 Ra2 61. c6 Ra1+ 62. Kf2 Ra2+ 63. Kf3 Ra1 64. d5 Rf1+ 65. Kg2 Rc1 66. Rxh6 Rc5 67.
Rd6 Ke4 68. Rd8 Ke5 69. Rd7 Ke4 70. c7 Ke5 71. d6 Rc6 72. Rd8 Rc2+ 73. Kf3 Rc3+ 74.
Ke2 Rc2+ 75. Kd3 Rc6 76. c8=Q 1-0

[Event "*** Titled Tuesday Blitz"]
[Site "Chess.com"]
[Date "2021.03.16"]
[Round "2"]
[White "HackingKid98"]
[Black "LamaChampetre"]
[Result "0-1"]
[WhiteElo "2444"]
[BlackElo "2240"]
[TimeControl "180+1"]
[EndTime "10:19:27 PDT"]
[Termination "LamaChampetre won by checkmate"]

1. c4 g6 2. Nf3 Bg7 3. g3 c5 4.
Bg2 Nc6 5. O-O e6 6. Nc3 Nge7 7. e3 d5 8. d4 cxd4 9. exd4 O-O 10.
cxd5 Nxd5 11. Ne4 h6 12. Re1 b6 13. Ne5 Bb7 14. f4 Rc8 15. a3 Nde7 16. Be3 Nf5 17. Bf2 Nd6 18. Qa4 Nxe4 19. Bxe4 Qd6 20. Rac1 Nxe5 21.
dxe5 Qe7 22. Qxa7 Rb8 23. Rc3 Rfe8 24. Bxb7 Rxb7 25. Qa4 g5 26. Rec1 gxf4 27. Qxf4 Rd7 28.
Kg2 Rd5 29. Rc6 Bxe5 30. Qf3 Bg7 31. Rc7 Qf6 32. Qxf6 Bxf6 33. b4 Red8 34. R1c2 Rd2 35. R7c6 Kg7 36. Kf3 Rxc2 37. Rxc2 Rd3+ 38. Ke2 Rxa3 39.
Bxb6 Rb3 40. Rc4 h5 41. Bc5 Rb2+ 42. Kf3 Rxh2 43. b5 Rb2 44. b6 Kg6 45. Ke4 Bg5 46.
Rb4 Rxb4+ 47. Bxb4 Bd8 48. b7 Bc7 49. Bc3 f5+ 50.
Kf3 Kg5 51. Bd2+ Kg6 52. Ba5 e5 53. Bd2 Bb8 54. Bc3 e4+ 55. Kf2 h4 56. g4 Kg5 57.
gxf5 Kxf5 58. Bd2 h3 59. Ke3 h2 60. Kd4 h1=Q 61. Bc3 Qf3 62. Kc4 Qd3+ 63. Kb3 e3 64. Kb2 Qe4 65. Be5 Qxb7+ 66. Kc2 Bxe5 67. Kd3 e2 68. Kxe2 Qc6 69. Ke3 Qd6 70. Kf3 Qd4 71. Ke2 Kf4 72. Kf1 Qa4 73. Ke2 Qa3 74. Kd2 Bd4 75.
Ke2 Qa2+ 76. Kf1 Qf2# 0-1

[Event "*** Titled Tuesday Blitz"]
[Site "Chess.com"]
[Date "2021.03.16"]
[Round "2"]
[White "blitzking1729"]
[Black "tylityli"]
[Result "0-1"]
[WhiteElo "2635"]
[BlackElo "2291"]
[TimeControl "180+1"]
[EndTime "10:19:39 PDT"]
[Termination "tylityli won by checkmate"]

1. d4 Nf6 2. Bg5 Ne4 3. Bf4 d5 4. f3 Nf6 5. e4 dxe4 6. Nc3 Nc6 7. Bb5 a6 8. Bxc6+ bxc6 9. fxe4 Bg4 10. Nf3 e6 11. a3 c5 12. dxc5 Bxc5 13. Qxd8+ Rxd8 14. Bxc7 Rc8 15. Be5 O-O 16. O-O-O Rfd8 17. Rxd8+ Rxd8 18. Rd1 Rc8 19. Kb1 h6 20. Bd4 Be7 21. e5 Nd5 22.
Nxd5 exd5 23. h3 Be6 24. Be3 Bf5 25. Nd4 Be4 26. Rd2 Bc5 27. b3 Bxa3 28. e6 Bb4 29. exf7+ Kxf7 30. Rf2+ Ke7 31. Nf5+ Bxf5 32. Rxf5 Ke6 33.
Rf4 Bc3 34. Ra4 a5 35. Bc1 Ke5 36. Bb2 Bxb2 37. Kxb2 Rc5 38. c3 g5 39. g4 Rb5 40.
Kc2 Rc5 41. Kd3 Rb5 42. Kc2 Rc5 43. Kb2 Rb5 44. b4 axb4 45. Rxb4 Rc5 46. Kc2 Rc6 47. Kd3 Rf6 48. Ke3 Rc6 49. Rb3 Rc4 50. Kd3 Rf4 51. Rb6 Rf3+ 52. Kd2 Rxh3 53. Rb5 Rg3 54. c4 Rxg4 55.
Rxd5+ Ke6 56. Kc3 h5 57. Rd8 h4 58. c5 Rg3+ 59. Kc4 Kf5 60. c6 Rg1 61. Rd3 Ke6 62. Kc5 Rc1+ 63. Kb6 g4 64. Rd4 Rb1+ 65. Ka6 Ra1+ 66. Kb6 Rb1+ 67. Ka6 Rc1 68. Kb6 Rxc6+ 69. Kxc6 Kf5 70. Kd5 h3 71. Rd2 g3 72. Kd4 Kf4 73.
Rd1 g2 74. Kd3 h2 75. Ke2 g1=Q 76. Rf1+ Qxf1+ 77. Kxf1 h1=Q+ 78. Kf2 Qf3+ 79. Ke1 Qg2 80. Kd1 Ke3 81. Kc1 Kd3 82. Kb1 Kc3 83. Ka1 Qb2# 0-1

[Event "*** Titled Tuesday Blitz"]
[Site "Chess.com"]
[Date "2021.03.16"]
[Round "2"]
[White "Bodnar_Mykola"]
[Black "novocane"]
[Result "1/2-1/2"]
[WhiteElo "2471"]
[BlackElo "2262"]
[TimeControl "180+1"]
[EndTime "10:19:39 PDT"]
[Termination "Game drawn by stalemate"]

1. d4 Nf6 2. c4 e6 3. Nf3 b6 4. g3 Ba6 5. b3 Bb4+ 6. Bd2 Be7 7. Bg2 O-O 8. O-O d5 9. Bc3 c5 10. Nbd2 Nc6 11. e3 Rc8 12. Rc1 Re8 13. Re1 h6 14. e4 dxe4 15. Nxe4 cxd4 16. Nxd4 Nxd4 17. Qxd4 Qxd4 18. Bxd4 Nxe4 19. Bxe4 Red8 20. Red1 Rc7 21. Be3 Rcd7 22. Rxd7 Rxd7 23. h4 Bc5 24. Bxc5 bxc5 25.
Kf1 f5 26. Bc2 Bb7 27. Ke2 Kf7 28. a3 g5 29. hxg5 hxg5 30. b4 Kf6 31. Ba4 Rc7 32. Kd3 Bc6 33. Bxc6 Rxc6 34. b5 Rd6+ 35. Kc3 f4 36. g4 e5 37. a4 e4 38. a5 Rd3+ 39. Kb2 e3 40. fxe3 fxe3 41. Kc2 Rd2+ 42. Kc3 Ra2 43.
b6 axb6 44. axb6 Ra8 45. b7 Rb8 46. Rb1 Ke5 47. Kd3 Kf4 48. Ke2 Kxg4 49. Kxe3 Kf5 50.
Kf3 g4+ 51. Ke3 Ke5 52. Rb5 Kf5 53. Rxc5+ Ke6 54. Rb5 Kd6 55. Kd4 Kc6 56. Rg5 Rxb7 57. Rg6+ Kc7 58. Rxg4 Rb6 59. Kc5 Rh6 60. Kb5 Kc8 61.
Re4 Rf6 62. Kc5 Rg6 63. Kd5 Rh6 64. Re6 Rxe6 65. Kxe6 Kc7 66. Kd5 Kd7 67. Kc5 Kc7 68. Kb5 Kb7 69. Kb4 Kc6 70. Kc3 Kc5 71. Kd3 Kc6 72.
Kd4 Kd6 73. c5+ Kc6 74. Kc4 Kc7 75. Kd5 Kd7 76. Ke5 Kc6 77. Kd4 Kc7 78. Kc4 Kc6 79.
Kb4 Kc7 80. Kb5 Kb7 81. c6+ Kc7 82. Kc5 Kc8 83. Kd6 Kd8 84. Kd5 Kc7 85. Kc5 Kc8 86. Kc4 Kc7 87. Kb5 Kc8 88. Kb6 Kb8 89. c7+ Kc8 90. Kc6 1/2-1/2